 Dungeon Crawl Stone Soup version 0.23-a0-295-g2e428d4 (webtiles) character file.

316922 MisterFreud the Brawler (level 20, -9/211 HPs)
             Began as a Troll Monk on Oct 3, 2018.
             Was the Champion of Qazlal.
             Mangled by a starcursed mass (14 damage)
             ... while paralysed by accursed screaming
             ... on level 2 of the Abyss on Oct 4, 2018.
             The game lasted 02:38:55 (36566 turns).

MisterFreud the Brawler (Troll Monk)               Turns: 36566, Time: 02:38:56

Health: -9/211     AC:  2    Str: 22      XL:     20   Next: 54%
Magic:  26/26      EV:  1    Int:  1 (2)  God:    Qazlal [******]
Gold:   1045       SH:  0    Dex: 21      Spells: 19/19 levels left

rFire    + . .     SeeInvis +     - Unarmed
rCold    + + +     Gourm    +   q - +5 large shield "Ongeocu" {rC++ Dex+3}
rNeg     . . .     Faith    .   F - +4 troll leather armour
rPois    +         Spirit   .   m - +2 hat
rElec    .         Reflect  .   O - scarf {rC+ rF+}
rCorr    .         Harm     .   (gloves unavailable)
MR       +....     Rnd*Rage +   (boots unavailable)
Stlth    +.........             (no amulet)
HPRegen  0.00/turn              i - +5 ring of slaying
MPRegen  0.20/turn              W - ring of Icippul {rPois rC+ Str-2 SInv}

@: paralysed, protected from physical damage, corroded, berserk cooldown,
non-regenerating, mildly diseased, slowed, lost intelligence, drained, repel
missiles
A: large, unfitting armour, claws 3, [berserk 2], [deformed body],
[deterioration 2], [dopey 2], fast metabolism 3, gourmand, regeneration 1,
[screaming 1], shaggy fur 1, tough skin 2, [subdued magic 1]
}: 2/15 runes: barnacled, gossamer
a: Upheaval, Elemental Force, Disaster Area, Renounce Religion


You were on level 2 of the Abyss.
You worshipped Qazlal.
Qazlal was exalted by your worship.
You were full.

You visited 7 branches of the dungeon, and saw 35 of its levels.
You visited the Abyss 2 times.
You visited 1 bazaar.
You also visited: Ossuary and Ice Cave.

You collected 4184 gold pieces.
You spent 3139 gold pieces at shops.

Inventory:

Missiles
 g - 930 stones
 s - 63 javelins
 t - 15 silver javelins
 G - 11 throwing nets
 J - 68 large rocks (quivered)
 K - 4 javelins of returning
Armour
 m - a +2 hat (worn)
 q - the +5 large shield "Ongeocu" (worn) {rC++ Dex+3}
   (You acquired it on level 6 of the Dungeon)

   It affects your dexterity (+3).
   It greatly protects you from cold.
 F - a +4 troll leather armour (worn)
 O - a scarf of resistance (worn)
Jewellery
 i - a +5 ring of slaying (left claw)
 x - an uncursed ring of magical power
 y - the ring "Etriefil" {rF+ rN+ Str+2 Int-2 Dex+3}
   (You bought it in a shop on level 6 of the Dungeon)

   [ring of positive energy]

   It affects your strength (+2).
   It affects your intelligence (-2).
   It affects your dexterity (+3).
   It protects you from fire.
   It protects you from negative energy.
 A - an uncursed amulet of rage
 S - an uncursed ring of resist corrosion
 U - the amulet of Weonefy {Spirit +Blink rPois MP+9 Int-2}
   (You bought it in a shop on level 6 of the Dungeon)

   [amulet of guardian spirit]

   It causes incoming damage to be split between your health and magic.
   It affects your intelligence (-2).
   It protects you from poison.
   It affects your magic capacity (+9).
   It lets you blink.
 V - an uncursed ring of protection from cold {unknown}
 W - the ring of Icippul (right claw) {rPois rC+ Str-2 SInv}
   (You bought it in a shop on level 2 of the Orcish Mines)

   [ring of see invisible]

   It affects your strength (-2).
   It protects you from cold.
   It protects you from poison.
   It lets you see invisible.
Wands
 a - a wand of iceblast (9)
 c - a wand of acid (29)
 f - a wand of clouds (2)
 l - a wand of digging (41)
 o - a wand of polymorph (69)
 B - a wand of disintegration (16)
 L - a wand of flame (106)
 R - a wand of paralysis (46)
 T - a wand of enslavement (24)
Scrolls
 e - 19 scrolls of remove curse
 k - 2 scrolls of silence
 u - 3 scrolls of magic mapping
 w - 12 scrolls of teleportation
 C - a scroll of blinking
 D - a scroll of summoning
 E - 3 scrolls of fog
 H - 10 scrolls of identify
 I - a scroll of enchant armour
 M - a scroll of holy word
Potions
 d - 7 potions of curing
 h - 6 potions of flight
 j - 8 potions of haste
 n - 7 potions of lignification
 p - 4 potions of mutation
 r - 6 potions of brilliance
 v - 4 potions of agility
 z - 5 potions of ambrosia
 N - a potion of might
 X - 2 potions of invisibility
 Y - a potion of resistance
Miscellaneous
 P - a lamp of fire
 Q - a box of beasts
Comestibles
 b - 68 rations


   Skills:
 + Level 15.5(14.9) Fighting
 - Level 8.0(7.5) Throwing
 - Level 10.0(9.4) Dodging
 - Level 1.0(0.6) Stealth
 - Level 15.0(14.4) Shields
 - Level 20.0(19.3) Unarmed Combat
 - Level 10.0(9.4) Invocations
 - Level 6.0(5.5) Evocations


You had 19 spell levels left.
You didn't know any spells.
Your spell library contained the following spells:

 Spells                   Type           Power        Failure   Level  Hunger
 Animate Skeleton         Necr           N/A          63%         1    ##.....
 Apportation              Tloc           #.....       63%         1    ##.....
 Beastly Appendage        Tmut           #.....       63%         1    ##.....
 Confusing Touch          Hex            #.....       63%         1    ##.....
 Magic Dart               Conj           #...         63%         1    ##.....
 Sandblast                Erth           #.....       63%         1    ##.....
 Sting                    Conj/Pois      #...         63%         1    ##.....
 Summon Small Mammal      Summ           #...         63%         1    ##.....
 Corpse Rot               Necr           N/A          77%         2    ###....
 Passwall                 Tmut/Erth      #.......     77%         2    ###....
 Poisonous Vapours        Pois/Air       #.....       77%         2    ###....
 Searing Ray              Conj           #.....       77%         2    ###....
 Sticks to Snakes         Tmut           #.......     77%         2    ###....
 Sublimation of Blood     Necr           #.........   77%         2    ###....
 Dazzling Spray           Conj/Hex       #.....       94%         3    ####...
 Ignite Poison            Fire/Tmut/Pois #.......     94%         3    ####...
 Mephitic Cloud           Conj/Pois/Air  #.......     94%         3    ####...
 Spider Form              Tmut/Pois      #.........   94%         3    ####...
 Stone Arrow              Conj/Erth      #.....       94%         3    ####...
 Force Lance              Conj/Tloc      #.......     100%        4    #####..
 Fulminant Prism          Conj/Hex       #.........   100%        4    #####..
 Ice Form                 Ice/Tmut       #.......     100%        4    #####..
 Iskenderun's Mystic Bla  Conj           #.......     100%        4    #####..
 Olgreb's Toxic Radiance  Pois           #.......     100%        4    #####..
 Petrify                  Tmut/Erth      #.......     100%        4    #####..
 Agony                    Necr           #.......     100%        5    ######.
 Blade Hands              Tmut           #.........   100%        5    ######.
 Bolt of Draining         Conj/Necr      #.........   100%        5    ######.
 Dispel Undead            Necr           #.......     100%        5    ######.
 Excruciating Wounds      Chrm/Necr      #.........   100%        5    ######.
 Fireball                 Conj/Fire      #.........   100%        5    ######.
 Lee's Rapid Deconstruct  Erth           #.........   100%        5    ######.
 Metabolic Englaciation   Hex/Ice        #.........   100%        5    ######.
 Venom Bolt               Conj/Pois      #.........   100%        5    ######.
 Bolt of Cold             Conj/Ice       #.........   100%        6    #######
 Bolt of Fire             Conj/Fire      #.........   100%        6    #######
 Freezing Cloud           Conj/Ice/Air   #.........   100%        6    #######
 Ozocubu's Refrigeration  Ice            #.........   100%        6    #######
 Simulacrum               Ice/Necr       #.........   100%        6    #######
 Ring of Flames           Chrm/Fire      #.........   100%        7    #######
 Ignition                 Fire           #.........   100%        8    #######


Dungeon Overview and Level Annotations

Branches:
Dungeon (15/15)            Temple (1/1) D:4            Lair (6/6) D:8
 Shoals (4/4) Lair:4       Spider (4/4) Lair:2        Slime (0/5) Lair:6
    Orc (2/2) D:9             Elf (0/3) Orc:2        Vaults (3/5) D:13
  Crypt (0/3) Vaults:2     Depths (0/5) D:15

Altars:
Ashenzari
Cheibriados
Dithmenos
Elyvilon
Fedhas
Gozag
Hepliaklqana
Kikubaaqudgha
Makhleb
Nemelex Xobeh
Okawaru
Qazlal
Ru
Sif Muna
Trog
Uskayaw
Vehumet
Wu Jian
Xom
Yredelemnul
Zin
The Shining One

Shops:
D:6 *=?   D:9 !!=   D:15 (   Orc:2 =[?*   Shoals:1 :

Portals:
Trove: D:12 (give 5 potions of resistance)

Annotations:
Lair:1 exclusion: oklob plant
Vaults:2 3 runed doors, exclusion: obsidian statue, Bodden's ghost, veteran HuFi


Innate Abilities, Weirdness & Mutations

You are too large for most types of armour.
You have claws for hands.
Your metabolism is lightning-fast.
You like to eat raw meat.
Your natural rate of healing is unusually fast.
You are covered in fur. (AC +1)
You have very tough skin. (AC +2)
[You often lose your temper in combat.]
[Armour fits poorly on your strangely shaped body.]
[Your body often deteriorates upon taking damage.]
[You are very dopey. (Int -4)]
[You occasionally shout uncontrollably at your foes.]
[Your spells are a little easier to cast, but a little less powerful.]


Message History

The starcursed mass is engulfed in blazing flames.
The starcursed mass shudders and is absorbed by its neighbour.
An efreet comes into view. It is wielding a scimitar of flaming.
You almost manage to decipher the scroll, but fail in this attempt.
You block the starcursed mass's attack.
A deafening chorus of shrieks assaults your mind!
* * * LOW HITPOINT WARNING * * *
You suddenly lose the ability to move!
The bone dragon bites you!
* * * LOW HITPOINT WARNING * * *
The bone dragon claws you.
* * * LOW HITPOINT WARNING * * *
The bone dragon tramples you.
* * * LOW HITPOINT WARNING * * *
You feel more protected from physical attacks.
You hold your ground!
The starcursed mass engulfs you!
* * * LOW HITPOINT WARNING * * *
You feel more protected from physical attacks.
The starcursed mass completely misses you.
The starcursed mass engulfs you!
You die...

# . .. #.###.
## .. . .## .
. ..## #.
#... # # #.
..##§#..#....
#..#.R... ...
[....#. #...
###3##...#..
.
#.D##§X..#..
. .. #@XXX# #
##
#XXX#...... .
.. #####
.###. . ....
## ... .. . .
. .. .. ... #
.##.. ... . #
.% .. . .


You could see a bone dragon, 7 starcursed masses and an efreet.

Vanquished Creatures
  Nikola (Spider:3)
  Arachne (Spider:2)
  Rupert (Lair:5)
  Asterion (Spider:2)
  A lich (Vaults:3)
  4 tentacled starspawn (Abyss:4)
  A sphinx (Vaults:2)
  Agnes (Spider:2)
  A draconian monk (Abyss:4)
  A fire giant (Vaults:1)
  5 frost giants
  A vault warden (Vaults:3)
  A ghoul (Vaults:2)
  9 ironheart preservers
  5 emperor scorpions
  A ghost moth (Spider:4)
  4 very ugly things
  6 stone giants
  Nessos (D:13)
  2 entropy weavers (Spider:1)
  A vampire knight (Vaults:2)
  3 spark wasps
  6 dire elephants (Lair:6)
  A deep elf demonologist (Vaults:3)
  A deep elf death mage (Vaults:3)
  5 merfolk javelineers
  6 merfolk impalers
  A fire dragon (Vaults:3)
  7 yaktaur captains
  3 great orbs of eyes (Vaults:3)
  2 rakshasas (Vaults:1)
  Josephine (Orc:1)
  Harold (D:9)
  3 hydras
  Erica (Lair:1)
  5 alligator snapping turtles
  3 merfolk avatars
  3 satyrs
  8 vault guards
  An anaconda (shapeshifter) (Vaults:1)
  An anaconda (Lair:6)
  11 ogre magi
  40 two-headed ogres
  3 death knights
  10 merfolk aquamancers
  3 tengu warriors (D:15)
  12 centaur warriors
  2 death yaks (Lair:6)
  8 death scarabs (Spider:4)
  A thrashing horror (Abyss:4)
  A wretched star (Abyss:2)
  2 deep elf knights (Vaults:1)
  A shadow wraith (Vaults:2)
  5 skeletal warriors (D:15)
  2 deep trolls
  3 glowing orange brains
  15 sea snakes
  A sixfirhy (Abyss:4)
  7 unseen horrors
  5 deep elf magi
  Pikel (D:6)
  3 deep elf archers
  3 spectral wolf spiders
  8 orc knights
  3 phantasmal warriors
  6 ironbrand convokers
  59 ugly things
  2 wizards (Vaults:3)
  13 orb spiders
  7 harpies (Shoals:1)
  2 wolf spider zombies (Spider:4)
  24 wolf spiders
  12 cyclopes
  2 salamanders (shapeshifter)
  15 manticores
  8 fauns (Shoals:3)
  2 centaur zombies (D:13)
  3 orc sorcerers
  8 large abominations
  5 moths of wrath
  7 water nymphs
  2 ice statues (IceCv)
  4 black mambas
  3 torpor snails
  8 vault sentinels
  8 merfolk sirens
  A rust devil (Abyss:2)
  23 elephants
  2 smoke demons
  A gargoyle (D:11)
  8 spiny frogs
  A kobold demonologist (D:11)
  A centaur skeleton (D:13)
  5 freezing wraiths
  3 rime drakes (Lair:5)
  23 yaktaurs
  4 spectral redbacks (Spider:4)
  7 komodo dragons
  A tengu conjurer (D:15)
  2 ancient zymes
  2 redback zombies
  10 demonic crawlers
  13 trolls
  A polar bear (Lair:6)
  14 hornets
  34 jumping spiders
  15 wind drakes
  11 blink frogs
  29 merfolk
  2 spectral jumping spiders
  5 spectral tarantellas
  2 jumping spider zombies (Spider:4)
  13 slime creatures
  9 snapping turtles
  4 raiju (Abyss:4)
  2 tarantella zombies (Spider:4)
  12 hippogriffs
  5 dream sheep
  71 redbacks
  6 wraiths
  35 tarantellas
  3 shadows
  15 yaks
  A vampire (D:13)
  10 water elementals
  2 basilisks
  3 wyverns
  6 hungry ghosts
  2 vampire mosquitoes (D:13)
  A human simulacrum (Vaults:1)
  A warg (shapeshifter) (Vaults:2)
  2 small abominations (Abyss:4)
  2 steam dragons
  5 wargs
  2 acid dragons
  Duvessa (D:6)
  A water moccasin (shapeshifter) (Vaults:3)
  13 water moccasins
  8 porcupines
  A spectral hornet (Spider:4)
  A slave (D:6)
  30 orc warriors
  3 sky beasts
  9 ice beasts
  A black bear (D:6)
  4 eyes of draining
  4 phantoms
  3 necrophages
  12 starcursed masses
  4 boggarts (Vaults:1)
  32 centaurs
  16 wolves
  55 ogres
  2 ogres (shapeshifter) (Vaults:2)
  3 elf zombies (Ossuary)
  15 crocodiles
  9 big kobolds
  14 bullfrogs
  A gnoll sergeant (D:9)
  Dowan (D:6)
  A wyvern skeleton (D:11)
  4 scorpions
  6 wights
  14 killer bees
  A howler monkey (D:6)
  3 electric eels
  9 crimson imps
  4 quasits
  2 bullfrog zombies
  2 bullfrog skeletons
  6 hounds
  8 jellies
  18 orc priests
  3 gnoll shamans (D:12)
  5 iguanas
  Crazy Yiuf (D:6)
  Natasha (twice) (D:2)
  21 orc wizards
  11 worker ants
  3 mummies
  Robin (D:2)
  A howler monkey skeleton (D:5)
  13 gnolls
  16 adders
  7 shadow imps
  2 white imps
  An ooze (D:2)
  An adder zombie (Ossuary)
  An adder skeleton (D:7)
  2 worms (Lair:2)
  4 leopard geckos
  104 orcs
  5 giant cockroaches
  17 goblins
  14 hobgoblins
  2 jackals (D:5)
  2 quokkas
  A ball python (D:1)
  6 bats
  6 frilled lizards
  14 hobgoblin zombies
  3 jackal zombies (Ossuary)
  23 kobolds
  9 kobold zombies
  7 orc zombies (Ossuary)
  8 rats
  2 rat zombies (Ossuary)
  A crawling corpse (Vaults:3)
  2 plants (Lair:6)
  3 starspawn tentacles (Abyss:4)
1538 creatures vanquished.

Vanquished Creatures (others)
  An ogre mage (Vaults:3)
  A jumping spider (Spider:4)
  A redback (Spider:2)
  A large abomination (Abyss:4)
  A boggart (Vaults:1)
  A small abomination (Abyss:2)
  An orc wizard (D:8)
  A bush (Lair:5)
  14 fungi
  15 plants
  8 starspawn tentacles (Abyss:4)
  4 tentacles (Shoals:3)
49 creatures vanquished.

Grand Total: 1587 creatures vanquished

Notes
Turn   | Place    | Note
-------+----------+-------------------------------------------
     0 | D:1      | MisterFreud the Troll Monk began the quest for the Orb.
     0 | D:1      | Reached XP level 1. HP: 22/22 MP: 0/0
     6 | D:1      | Noticed an elephant
   123 | D:1      | Reached XP level 2. HP: 29/29 MP: 1/1
   412 | D:1      | Reached skill level 4 in Unarmed Combat
   516 | D:1      | Noticed a black mamba
   673 | D:2      | Reached XP level 3. HP: 33/36 MP: 2/2
   756 | D:2      | Noticed Robin
   781 | D:2      | Killed Robin
   920 | D:2      | Reached XP level 4. HP: 44/44 MP: 3/3
  1015 | D:2      | Reached skill level 5 in Unarmed Combat
  1024 | D:2      | Noticed Natasha
  1033 | D:2      | Killed Natasha
  1247 | D:2      | Noticed Natasha
  1251 | D:2      | Killed Natasha
  1284 | D:2      | Reached XP level 5. HP: 50/50 MP: 4/4
  1422 | D:2      | Found a hide-covered altar of Uskayaw.
  1988 | D:3      | Found a glowing silver altar of Zin.
  1988 | D:3      | Found a glowing golden altar of the Shining One.
  2053 | D:3      | Noticed Grinder
  2055 | D:3      | Paralysed by Grinder for 5 turns
  2061 | D:3      | Noticed Grinder
  2061 | D:3      | Grinder changed into Grinder the quasit
  2067 | D:3      | Killed Grinder the quasit
  2067 | D:3      | Reached skill level 6 in Unarmed Combat
  2304 | D:4      | Found a sand-covered staircase.
  2313 | Ossuary  | Entered an ossuary
  2429 | Ossuary  | Reached skill level 7 in Unarmed Combat
  2429 | Ossuary  | Reached XP level 6. HP: 39/59 MP: 5/5
  2599 | D:4      | Reached skill level 8 in Unarmed Combat
  2599 | D:4      | Reached XP level 7. HP: 38/66 MP: 6/6
  2722 | D:4      | Found a staircase to the Ecumenical Temple.
  2782 | Temple   | Entered the Ecumenical Temple
  2978 | Temple   | Became a worshipper of Qazlal Stormbringer
  2978 | Temple   | Reached * piety under Qazlal
  2978 | Temple   | Reached ** piety under Qazlal
  3460 | D:4      | Reached skill level 5 in Dodging
  3716 | D:5      | Entered Level 5 of the Dungeon
  3737 | D:5      | Reached XP level 8. HP: 74/74 MP: 7/7
  4044 | D:5      | Reached skill level 1 in Invocations
  4077 | D:5      | Reached *** piety under Qazlal
  4388 | D:6      | Reached skill level 9 in Unarmed Combat
  4432 | D:6      | Found Pehat's Assorted Antiques.
  4438 | D:6      | Noticed Pikel
  4442 | D:6      | Killed Pikel
  4442 | D:6      | Reached skill level 1 in Shields
  4442 | D:6      | Reached XP level 9. HP: 76/80 MP: 10/10
  4464 | D:6      | Bought a coiled glass ring for 170 gold pieces
  4477 | D:6      | Identified the ring "Etriefil" {rF+ rN+ Str+2 Int-2 Dex+3}
                  | (You bought it in a shop on level 6 of the Dungeon)
  4491 | D:6      | Noticed Dowan
  4492 | D:6      | Noticed Duvessa
  4499 | D:6      | Killed Duvessa
  4506 | D:6      | Killed Dowan
  4519 | D:6      | Found a snail-covered altar of Cheibriados.
  4614 | D:6      | Found Xiraeb's Jewellery Shoppe.
  4629 | D:6      | Found Doinaome's Magic Scroll Shoppe.
  4648 | D:6      | Bought a scroll of teleportation for 36 gold pieces
  4648 | D:6      | Bought a scroll of random uselessness for 12 gold pieces
  4648 | D:6      | Bought a scroll of enchant armour for 90 gold pieces
  4736 | D:6      | Found a runed door.
  4740 | D:6      | Noticed Crazy Yiuf
  4742 | D:6      | Killed Crazy Yiuf
  5526 | D:7      | Reached skill level 5 in Invocations
  5530 | D:7      | Reached **** piety under Qazlal
  5530 | D:7      | Reached skill level 10 in Unarmed Combat
  5638 | D:7      | Killed an unseen horror
  5811 | D:7      | Reached XP level 10. HP: 78/88 MP: 13/13
  6202 | D:8      | Reached skill level 5 in Shields
  6307 | D:8      | Found a staircase to the Lair.
  6356 | D:8      | Found a snail-covered altar of Cheibriados.
  6596 | D:8      | You fall through a shaft!
  6596 | D:9      | Found a shimmering altar of Xom.
  6623 | D:9      | Found Mevoariq's Distillery.
  6667 | D:9      | Noticed Harold
  6683 | D:10     | Entered Level 10 of the Dungeon
  6837 | D:9      | Killed Harold
  7089 | D:9      | Reached ***** piety under Qazlal
  7113 | D:9      | Found a staircase to the Orcish Mines.
  7208 | D:9      | Bought a potion of curing for 36 gold pieces
  7208 | D:9      | Bought a potion of lignification for 36 gold pieces
  7244 | D:9      | Found Adghaamo's Distillery.
  7264 | D:9      | Bought a potion of heal wounds for 70 gold pieces
  7270 | D:9      | Found an ancient bone altar of Kikubaaqudgha.
  7288 | D:9      | Reached XP level 11. HP: 94/94 MP: 14/14
  7471 | D:9      | Found a bloodstained altar of Trog.
  7592 | D:9      | Found Mugestiu's Jewellery Shoppe.
  8223 | D:10     | Killed an unseen horror
  8425 | D:10     | Noticed a two-headed ogre
  8433 | D:10     | Killed a two-headed ogre
  8574 | Lair:1   | Entered Level 1 of the Lair of Beasts
  8601 | Lair:1   | Noticed Erica
  8623 | Lair:1   | Killed Erica
  8623 | Lair:1   | Reached skill level 1 in Throwing
  8759 | Lair:1   | Noticed an ice dragon
  8768 | Lair:1   | an ice dragon changed into a torpor snail
  8992 | Lair:1   | Found a frozen archway.
  9000 | IceCv    | Entered an ice cave
  9000 | IceCv    | Noticed a white ugly thing
  9013 | IceCv    | Reached skill level 11 in Unarmed Combat
  9019 | IceCv    | Killed a white ugly thing
  9078 | IceCv    | Found a transporter.
  9111 | IceCv    | Noticed a white ugly thing
  9118 | IceCv    | Killed a white ugly thing
  9133 | IceCv    | Found a transporter.
  9184 | IceCv    | Got a crystal morningstar
  9195 | IceCv    | Identified the +0 morningstar of Conservatism {freeze, MR+
                  | Str+3} (You found it in an ice cave)
  9342 | Lair:1   | Noticed an oklob plant
  9723 | Lair:2   | Found a hole to the Spider Nest.
  9754 | Lair:2   | Reached XP level 12. HP: 104/104 MP: 15/15
 10363 | Lair:3   | Reached skill level 5 in Throwing
 10500 | Lair:3   | Reached skill level 12 in Unarmed Combat
 11562 | Lair:4   | Found a staircase to the Shoals.
 11642 | Lair:4   | Noticed an eight-headed hydra
 11653 | Lair:4   | Killed a 12-headed hydra
 12252 | Lair:5   | Noticed Rupert
 12439 | Lair:5   | Reached XP level 13. HP: 109/110 MP: 14/17
 12500 | Lair:5   | Killed Rupert
 12991 | Lair:6   | Entered Level 6 of the Lair of Beasts
 13005 | Lair:6   | Found a staircase to the Slime Pits.
 13047 | Lair:6   | Reached ****** piety under Qazlal
 13119 | Lair:6   | Reached skill level 13 in Unarmed Combat
 13458 | Lair:6   | Reached skill level 10 in Dodging
 13629 | Lair:6   | Found a dark tunnel.
 14118 | Lair:6   | Identified a scroll of acquirement
 14173 | Lair:6   | Noticed a dire elephant
 14173 | Lair:6   | Noticed a dire elephant
 14193 | Lair:6   | Noticed a dire elephant
 14206 | Lair:6   | Noticed a dire elephant
 14207 | Lair:6   | Noticed a dire elephant
 14277 | Lair:6   | Killed a dire elephant
 14348 | Lair:6   | Noticed a dire elephant
 14375 | Lair:6   | Killed a dire elephant
 14375 | Lair:6   | Reached XP level 14. HP: 114/118 MP: 18/20
 14475 | Lair:6   | Reached skill level 14 in Unarmed Combat
 14525 | Lair:6   | Got a fine iron ring
 14534 | Lair:6   | Identified the ring "Miriapp" {Fire Str+4 Dex+2} (You found
                  | it on level 6 of the Lair of Beasts)
 15045 | D:11     | Reached skill level 10 in Invocations
 15981 | D:12     | Reached skill level 15 in Unarmed Combat
 17062 | D:12     | Found a portal to a secret trove of treasure.
 17332 | D:13     | Reached skill level 16 in Unarmed Combat
 17358 | D:13     | Reached skill level 1 in Evocations
 17523 | D:13     | Noticed Nessos
 17672 | D:13     | Found a gate to the Vaults.
 17724 | D:13     | Killed Nessos
 17796 | D:13     | Reached XP level 15. HP: 124/124 MP: 13/21
 18454 | Orc:1    | Entered Level 1 of the Orcish Mines
 18491 | Orc:1    | Noticed Josephine
 18501 | Orc:1    | Killed Josephine
 18501 | Orc:1    | Reached skill level 5 in Evocations
 18576 | Orc:1    | Found a radiant altar of Vehumet.
 18888 | Orc:2    | Entered Level 2 of the Orcish Mines
 19249 | Orc:2    | Found a staircase to the Elven Halls.
 19396 | Orc:2    | Reached skill level 5 in Fighting
 19603 | Orc:2    | Found Bulyecw's Antique Armour Shop.
 19605 | Orc:2    | Found Jimoulox's General Store.
 19609 | Orc:2    | Found Ypleir Vistri's Jewellery Shoppe.
 19610 | Orc:2    | Found Maenukk's Magic Scroll Emporium.
 19627 | Orc:2    | Bought a scroll of blinking for 120 gold pieces
 19627 | Orc:2    | Bought a scroll of teleportation for 48 gold pieces
 19627 | Orc:2    | Bought a scroll of teleportation for 48 gold pieces
 19627 | Orc:2    | Bought a scroll of blinking for 120 gold pieces
 19632 | Orc:2    | Bought a potion of haste for 140 gold pieces
 19632 | Orc:2    | Bought a potion of resistance for 140 gold pieces
 19935 | Spider:1 | Entered Level 1 of the Spider Nest
 20109 | D:6      | Bought the amulet of Weonefy {Spirit +Blink rPois MP+9
                  | Int-2} for 880 gold pieces
 20120 | D:6      | Got a heavily runed large shield
 20131 | D:6      | Identified the +5 large shield "Ongeocu" {rC++ Dex+3} (You
                  | acquired it on level 6 of the Dungeon)
 21212 | D:15     | Entered Level 15 of the Dungeon
 21508 | D:15     | Noticed a frost giant
 21517 | D:15     | Killed a frost giant
 21570 | D:15     | Reached skill level 10 in Shields
 21943 | D:15     | Found Wigheq's Weapon Boutique.
 22059 | D:15     | Found a staircase to the Depths.
 22312 | Spider:1 | Reached XP level 16. HP: 150/150 MP: 22/22
 23976 | Spider:3 | Noticed Asterion
 23983 | Spider:3 | Noticed Agnes
 24009 | Spider:2 | Killed Asterion
 24111 | Spider:3 | Noticed Arachne
 24117 | Spider:2 | Killed Agnes
 24250 | Spider:2 | Reached skill level 10 in Fighting
 24592 | Spider:2 | Killed Arachne
 24949 | Spider:4 | Entered Level 4 of the Spider Nest
 24949 | Spider:4 | Noticed Nikola
 25060 | Shoals:1 | Entered Level 1 of the Shoals
 25455 | Shoals:1 | Reached XP level 17. HP: 154/166 MP: 23/23
 25889 | Shoals:1 | Found Quokogie's Book Shoppe.
 26724 | Shoals:2 | Upgraded the game from 0.23-a0-290-g290e36d to
                  | 0.23-a0-295-g2e428d4
 27402 | Shoals:3 | Noticed a kraken
 27798 | Shoals:3 | a kraken changed into a frost giant
 27924 | Shoals:4 | Entered Level 4 of the Shoals
 28762 | Shoals:4 | Got a barnacled rune of Zot
 28904 | Shoals:4 | Reached XP level 18. HP: 87/179 MP: 15/24
 29315 | Spider:3 | Reached skill level 17 in Unarmed Combat
 29681 | Spider:3 | Killed Nikola
 30434 | Orc:2    | Bought the ring of Icippul {rPois rC+ Str-2 SInv} for 493
                  | gold pieces
 31935 | Spider:4 | Got a gossamer rune of Zot
 32282 | Vaults:1 | Entered Level 1 of the Vaults
 32762 | Vaults:1 | Reached skill level 15 in Shields
 32949 | Vaults:1 | Paralysed by an orc sorcerer for 4 turns
 32978 | Vaults:1 | Reached skill level 18 in Unarmed Combat
 33032 | Vaults:1 | Reached XP level 19. HP: 191/191 MP: 25/25
 33681 | Vaults:2 | Found a runed gate.
 33682 | Vaults:2 | Found a runed gate.
 33682 | Vaults:2 | Found an opulent altar of Gozag.
 34108 | Vaults:2 | Found a gateway to a bazaar.
 34738 | Vaults:2 | Noticed Bodden's ghost (veteran HuFi)
 34740 | Vaults:2 | Found a runed gate.
 34829 | Vaults:2 | Found a staircase to the Crypt.
 35132 | Vaults:2 | Reached skill level 19 in Unarmed Combat
 35526 | Bazaar   | Entered a bazaar
 35526 | Bazaar   | Found Vourag's Food Boutique.
 35526 | Bazaar   | Found Asentaov's Antique Weapon Shoppe.
 35526 | Bazaar   | Found Fequmo Waixo's Jewellery Shop.
 35526 | Bazaar   | Found Fyez's Gadget Shoppe.
 35528 | Bazaar   | Found Zoaxtu's Antique Weapon Shop.
 35528 | Bazaar   | Found Fiuckerr's Food Emporium.
 35544 | Bazaar   | Bought a wand of acid (8) for 336 gold pieces
 35544 | Bazaar   | Bought a wand of acid (9) for 364 gold pieces
 35773 | Vaults:3 | Paralysed by a great orb of eyes for 6 turns
 35817 | Vaults:3 | Cast into level 4 of the Abyss (a lich)
 36009 | Abyss:4  | Reached XP level 20. HP: 122/206 MP: 26/26
 36040 | Vaults:3 | Escaped the Abyss
 36314 | Vaults:3 | Reached skill level 20 in Unarmed Combat
 36314 | Vaults:3 | Paralysed by a wizard for 4 turns
 36364 | Vaults:3 | Reached skill level 15 in Fighting
 36454 | Vaults:3 | Cast into level 2 of the Abyss (a deep elf demonologist)
 36526 | Abyss:2  | Lost intelligence.
 36559 | Abyss:2  | Noticed a bone dragon
 36562 | Abyss:2  | Paralysed by accursed screaming for 1 turns
 36566 | Abyss:2  | Paralysed by accursed screaming for 1 turns
 36566 | Abyss:2  | HP: 5/211 [starcursed mass (10)]
 36566 | Abyss:2  | Mangled by a starcursed mass

Vault maps used:
D:1:      sevenhm_arrival_forest_fort_small_2
D:2:      marbit_many_paths, glass_columns_c, uniq_natasha, uniq_robin
D:3:      amethyst_overflow_temple_binary, first_ration, uniq_grinder
D:4:      minmay_temple_entry_trees, nicolae_ossuary_entry_giza, minivault_25
D:6:      serial_shops, nicolae_shop_trees, shop,
          nicolae_shop_temple_entry_statues_fountains, serial_bayou_pond_e,
          bh_chokoban, cheibriados_altar_1, uniq_duvessa, uniq_pikel,
          uniq_crazy_yiuf_cottage
D:8:      kennysheep_mini, erik_lair_orcish_takeover
D:9:      kiku_gazebo_garden_becter, lightli_temple_of_fire,
          kennysheep_orc_monster_closet_entryway, basic_altar, serial_shops,
          shop, nicolae_shop_crystal, shop, uniq_harold
D:12:     kennysheep_seaside_town, nicolae_trove_entry_columns
D:13:     erik_vaults_2, small_chamber_with_monster, uniq_nessos
D:14:     blue_anna_alchemist, kennysheep_generic_room_5
D:15:     grunt_enter_depths_snipers, serial_shops, shop, special_room
Temple:   eino_temple_scatter_basement
Lair:1:   dragon1_lemuel, portal_ice_cave_entry_pillars_2,
          cheibrodos_lair_caveside_slide, serial_bayou_shore_a,
          minmay_lair_oklob_chamber, uniq_erica
Lair:2:   nicolae_spider_entry_non_spiders
Lair:3:   st_stairs_6, serial_bayou_pond_e, serial_bayou_shore_b,
          grunt_megastairs_5, lemuel_fruit_tree, infiniplex_staircase_pool_2
Lair:4:   minmay_shoals_entry_lonely_mermaid, serial_bayou_shore_b
Lair:5:   grunt_forest_stairs_basic, grunt_forest_small_clearings,
          serial_bayou_pond_a, minmay_lair_drake_nest, uniq_rupert
Lair:6:   due_jungle_book, minmay_slime_entry_pillars,
          nicolae_volcano_entry_two_sided, serial_bayou_shore_b
Shoals:1: serial_shops, shop
Shoals:3: nicolae_shoals_aquamancer_cove
Shoals:4: shoals_end_simple
Spider:3: guppyfry_spider_mini_3, uniq_agnes, uniq_arachne, uniq_asterion
Spider:4: floodkiller_spider_rune_tomb, uniq_nikola
Orc:1:    basic_altar, uniq_josephine
Orc:2:    st_orc_open
Vaults:1: v_alt_pattern_1, grunt_vaults_twisty, v_rooms_3,
          dpeg_vaults_monster_box, nicolae_vaults_ring_of_whatevers,
          serial_ice_b, nicolae_vaults_ninety_degrees, vaults_dpeg_hooks,
          st_lattice, ontoclasm_vaults_ring_square, v_misc_25,
          ontoclasm_vaults_eye
Vaults:2: ebering_vaults_ghost_gozag, minmay_crypt_entry_simple_walls,
          nicolae_vaults_network_quinsquares, vaults_mumra_chevron, v_misc_11,
          ontoclasm_vaults_spin, nicolae_vaults_what_the_h,
          ontoclasm_vaults_gateway, vaults_mumra_hex, serial_shops, freezing_bzr
Vaults:3: v_pattern_1, nicolae_vaults_branching_niches,
          nicolae_vaults_twisting_passages, vaults_mumra_hexcomb,
          nicolae_vaults_network_star, nicolae_vaults_triangles,
          ontoclasm_vaults_pinch, grunt_vaults_diagonal, hangedman_vaults_trim,
          grunt_vaults_hallway_short, ontoclasm_vaults_hangar,
          ontoclasm_vaults_hangar
Abyss:4:  evilmike_abyss_rune_elephants_shrine
Bazaar:   bazaar_minmay_generic_island
Ossuary:  ossuary_tomb_1
IceCv:    ice_cave_statue_garden_transporter

Skill      XL: |  1  2  3  4  5  6  7  8  9 10 11 12 13 14 15 16 17 18 19 20 |
---------------+-------------------------------------------------------------+-----
Unarmed Combat | 4 5 7 8 9 10 11 12 13 16 18 19 20 | 20.0
Dodging        | 5 6 8 10 | 10.0
Invocations    | 3 5 6 7 9 10 | 10.0
Shields        | 1 4 8 9 10 12 14 15 | 15.0
Throwing       | 4 8 |  8.0
Evocations     | 4 6 |  6.0
Fighting       | 7 10 11 12 14 15 | 15.5
Stealth        | |  1.0

Action                   |  1- 3 |  4- 6 |  7- 9 | 10-12 | 13-15 | 16-18 | 19-21 || total
-------------------------+-------+-------+-------+-------+-------+-------+-------++-------
Melee: Unarmed           |    82 |   150 |   209 |   618 |  1186 |  1638 |   902 ||  4785
       Punch             |     2 |     5 |     9 |     5 |       |       |       ||    21
Throw: Large rock        |       |       |       |     6 |    27 |    49 |     4 ||    86
       Throwing net      |       |       |       |     1 |     2 |       |       ||     3
       Stone             |       |       |       |     1 |     1 |       |       ||     2
       Javelin           |       |       |       |       |       |    11 |       ||    11
Invok: Elemental Force   |       |       |       |     1 |       |       |       ||     1
       Upheaval          |       |       |       |     1 |       |       |       ||     1
       Disaster Area     |       |       |       |       |     1 |     6 |       ||     7
Evoke: Wand              |       |     1 |       |     6 |       |     5 |     3 ||    15
       Lamp of fire      |       |       |       |       |       |     1 |     1 ||     2
  Use: Scroll            |     4 |     9 |     5 |    13 |    20 |    10 |     3 ||    64
       Potion            |       |       |     2 |     8 |     5 |     9 |     3 ||    27
 Stab: Sleeping          |     1 |     5 |       |       |       |       |       ||     6
       Held in net/web   |       |       |       |     1 |       |       |       ||     1
  Eat: Chunk             |    14 |     8 |    33 |    65 |    91 |    81 |    31 ||   323
       Ration            |       |       |       |       |       |     7 |       ||     7
Armor: Robe              |    24 |    52 |    25 |    12 |       |       |       ||   113
       Skin              |       |       |       |    40 |       |       |       ||    40
       Troll leather arm |       |       |       |    85 |   145 |   305 |    63 ||   598
Dodge: Dodged            |    29 |    54 |    80 |   220 |   375 |   597 |   139 ||  1494
       Deflected         |       |       |       |     5 |    14 |    28 |    13 ||    60
Block: Other             |       |       |    26 |    14 |       |       |       ||    40
       Shield            |       |       |       |   467 |   874 |       |       ||  1341
       Large shield      |       |       |       |       |   254 |  2603 |   833 ||  3690

Table legend:
 A = Non-vault XP
 B = Vault XP
 C = Vault XP percentage of total XP
 D = Non-vault monster count
 E = Vault monster count
 F = Vault count percentage of total count
                 A         B        C        D         E       F
            +---------+---------+-------+---------+---------+-------
      Total |  327824 |  206983 |  38.7 |    1064 |     472 |  30.7
            +---------+---------+-------+---------+---------+-------
        D:1 |      33 |       0 |   0.0 |      20 |       0 |   0.0
        D:2 |     101 |      73 |  42.0 |      25 |      14 |  35.9
        D:3 |      32 |      45 |  58.4 |      14 |       1 |   6.7
        D:4 |     738 |      23 |   3.0 |      17 |       3 |  15.0
        D:5 |     810 |       0 |   0.0 |      21 |       0 |   0.0
        D:6 |     624 |     931 |  59.9 |      14 |       4 |  22.2
        D:7 |    1917 |       0 |   0.0 |      26 |       0 |   0.0
        D:8 |     717 |     649 |  47.5 |      18 |      10 |  35.7
        D:9 |    1003 |    2384 |  70.4 |       8 |      19 |  70.4
       D:10 |    3799 |      17 |   0.4 |      31 |       2 |   6.1
       D:11 |    4994 |       0 |   0.0 |      48 |       0 |   0.0
       D:12 |    7811 |    4209 |  35.0 |      44 |      28 |  38.9
       D:13 |    9605 |    6876 |  41.7 |      44 |       7 |  13.7
       D:14 |    8448 |     722 |   7.9 |      21 |       4 |  16.0
       D:15 |    9549 |    4541 |  32.2 |      17 |      19 |  52.8
     Lair:1 |    1430 |    1626 |  53.2 |      13 |       3 |  18.8
     Lair:2 |    2731 |     804 |  22.7 |      18 |      10 |  35.7
     Lair:3 |    3374 |    1880 |  35.8 |      15 |       6 |  28.6
     Lair:4 |    4664 |     442 |   8.7 |      17 |       1 |   5.6
     Lair:5 |    8842 |    4399 |  33.2 |      34 |       6 |  15.0
     Lair:6 |   21983 |    2930 |  11.8 |      44 |       7 |  13.7
   Shoals:1 |   14056 |       0 |   0.0 |      30 |       0 |   0.0
   Shoals:2 |   12341 |     869 |   6.6 |      23 |       1 |   4.2
   Shoals:3 |   16778 |    4329 |  20.5 |      33 |       5 |  13.2
   Shoals:4 |   12870 |   21677 |  62.7 |      27 |      36 |  57.1
   Spider:1 |   26307 |       0 |   0.0 |      65 |       0 |   0.0
   Spider:2 |   13837 |    8380 |  37.7 |      36 |       6 |  14.3
   Spider:3 |   13191 |   10509 |  44.3 |      44 |      19 |  30.2
   Spider:4 |    3978 |   27671 |  87.4 |      16 |      58 |  78.4
      Orc:1 |    3613 |    2402 |  39.9 |      24 |       5 |  17.2
      Orc:2 |    1898 |   14949 |  88.7 |      35 |      36 |  50.7
   Vaults:1 |   26918 |   19736 |  42.3 |      66 |      35 |  34.7
   Vaults:2 |   29904 |   23649 |  44.2 |      43 |      35 |  44.9
   Vaults:3 |   41810 |   31753 |  43.2 |      69 |      40 |  36.7
    Abyss:2 |    3793 |       0 |   0.0 |      12 |       0 |   0.0
    Abyss:4 |   13325 |    5284 |  28.4 |      32 |       3 |   8.6
    Ossuary |       0 |     369 | 100.0 |       0 |      39 | 100.0
      IceCv |       0 |    2855 | 100.0 |       0 |      10 | 100.0
            +---------+---------+-------+---------+---------+-------
